 Dungeon Crawl Stone Soup version 0.18-a0-1805-g8ab820f (webtiles) character file.

28 SkaryMonk the Sneak (level 3, -3/21 HPs)
             Began as an Octopode Enchanter on Apr 26, 2016.
             Slain by Terence
             ... wielding a +6 hand axe of electrocution
              (8 damage)
             ... on level 2 of the Dungeon.
             The game lasted 00:02:39 (1253 turns).

SkaryMonk the Sneak (Octopode Enchanter)            Turns: 1253, Time: 00:02:39

Health: -3/21      AC:  1    Str: 12    XL:     3   Next: 14%
Magic:  6/6        EV: 12    Int: 18    God:
Gold:   72         SH:  0    Dex: 12    Spells: 1 memorised, 5 levels left

rFire  . . .     SeeInvis .     a - +1 dagger
rCold  . . .     Gourm    .     (no shield)
rNeg   . . .     Faith    .     (helmet restricted)
rPois  .         Spirit   .     (no amulet)
rElec  .         Dismiss  .     (no ring)
rCorr  .         Reflect  .     (no ring)
SustAt .         Harm     .     (no ring)
MR     .....                    (no ring)
Stlth  ++++......               (no ring)
                                (no ring)
                                (no ring)
                                (no ring)

@: mighty, not resistant to hostile enchantments, stealthy
A: almost no armour, amphibious, 8 rings, constrict 8, camouflage 1, gelatinous
body 1
a: no special abilities


You were on level 2 of the Dungeon.
You were not hungry.

You visited 1 branch of the dungeon, and saw 2 of its levels.

You collected 72 gold pieces.

Notes
Turn   | Place    | Note
--------------------------------------------------------------
     0 | D:1      | SkaryMonk the Octopode Enchanter began the quest for the Orb.
     0 | D:1      | Reached XP level 1. HP: 11/11 MP: 3/3
   242 | D:1      | Reached XP level 2. HP: 17/17 MP: 5/5
   729 | D:1      | Reached XP level 3. HP: 21/21 MP: 6/6
   894 | D:2      | Noticed Sigmund
  1136 | D:2      | Found a snail-covered altar of Cheibriados.
  1210 | D:2      | Found a blossoming altar of Fedhas.
  1217 | D:2      | Found a radiant altar of Vehumet.
  1224 | D:2      | Found a glowing golden altar of the Shining One.
  1234 | D:2      | Found a white marble altar of Elyvilon.
  1234 | D:2      | Noticed Terence
  1253 | D:2      | Slain by Terence

Inventory:

Hand Weapons
 a - a +1 dagger (weapon)
Jewellery
 h - an uncursed ring of wizardry {unknown}
 l - an uncursed ring of see invisible {unknown}
Scrolls
 d - a scroll of enchant weapon {unknown}
 f - 3 scrolls of teleportation {unknown}
 j - a scroll of recharging {unknown}
 k - a scroll of amnesia {unknown}
 m - a scroll of noise {unknown}
Potions
 e - 2 potions of might
 g - a potion of curing {unknown}
 i - a potion of haste {unknown}
Books
 b - a book of Maledictions

   Spells                             Type                      Level
   a - Corona                         Hexes                        1
   b - Ensorcelled Hibernation        Hexes/Ice                    2
   c - Confuse                        Hexes                        3
   d - Tukima's Dance                 Hexes                        3
   e - Dazzling Spray                 Conjuration/Hexes            3
Comestibles
 c - a bread ration

Table legend:
 A = Turns spent in this place as a percentage of turns spent in the entire game.
 B = Non-inter-level travel turns spent in this place as a percentage of non-inter-level travel turns spent in the entire game.
 C = Inter-level travel turns spent in this place as a percentage of turns spent in this place.
 D = Turns resting spent in this place as a percentage of non-inter-level travel turns spent in this place.
 E = Turns spent auto-exploring this place as a percentage of non-inter-level travel turns spent in this place.
 F = Non-inter-level travel turns spent in this place divided by the number of levels of this place that you've seen.
                   A       B       C       D       E      F
               +-------+-------+-------+-------+-------+----------------------
         Total | 100.0 | 100.0 |   1.5 |   0.8 |  18.0 | 133.0
       Dungeon | 100.0 | 100.0 |   1.5 |   0.8 |  18.0 | 133.0
               +-------+-------+-------+-------+-------+----------------------


   Skills:
 + Level 3.0 Short Blades
 - Level 2.0 Dodging
 - Level 4.0 Stealth
 - Level 2.0 Spellcasting
 - Level 3.0 Hexes


You had 5 spell levels left.
You knew the following spells:

 Your Spells              Type           Power        Failure   Level  Hunger
a - Corona                Hex            ##.....      6%          1    #......


Dungeon Overview and Level Annotations

Branches:
Dungeon (2/15)

Altars:
Cheibriados
Elyvilon
Fedhas
Vehumet
The Shining One

Annotations:
D:2 Sigmund, Terence


Innate Abilities, Weirdness & Mutations

You cannot wear most types of armour.
You are amphibious.
You can wear up to eight rings at the same time.
You can use your tentacles to constrict eight enemies at once.
Your skin changes colour to match your surroundings (Stealth).
Your rubbery body absorbs attacks (AC +1).


Message History

Terence is moderately wounded.
You constrict Terence, but do no damage.
You hit Terence.
Terence is moderately wounded.
You constrict Terence, but do no damage.
Terence hits you with a hand axe of electrocution.
* * * LOW HITPOINT WARNING * * *
You release your grip on Terence.
Drink which item? (? for menu, Esc to quit)
It was a potion of might.
You feel very mighty all of a sudden. Terence barely misses you.
You puncture Terence! Your grab misses Terence.
Terence is severely wounded.
Terence closely misses you.
You hit Terence but do no damage. You grab Terence.
Terence is severely wounded.
You constrict Terence.
Terence hits you with a hand axe of electrocution!
You die...

.#.#.##########..###
.#<#.# #.##_## .#.#.#
######...###### ...#.#
#_..###'###.._# ####.#
#..##.....##..# #.#
#.#'.......'#.# #)#
###....8....###
#.########...8...8...###
#.....##.#...@@......#.##
#.###....'..8..8..8..'._#
#.# ####.#...........#.##
#.# ###...8...8...### #.#
##....8....## #.#
#+.......+# #.# ##.....##
#. ###+###


You could see Terence.

Table legend:
 A = Kills in this place as a percentage of kills in entire the game.
 B = Kills by you in this place as a percentage of kills by you in the entire game.
 C = Kills by friends in this place as a percentage of kills by friends in the entire game.
 D = Other kills in this place as a percentage of other kills in the entire game.
 E = Experience gained in this place as a percentage of experience gained in the entire game.
 F = Experience gained in this place divided by the number of levels of this place that you have seen.
                   A       B       C       D       E      F
               +-------+-------+-------+-------+-------+----------------------
         Total | 100.0 | 100.0 |  -nan |  -nan | 100.0 |  20.5
       Dungeon | 100.0 | 100.0 |  -nan |  -nan | 100.0 |  20.5
               +-------+-------+-------+-------+-------+----------------------

Vanquished Creatures
  A dart slug (D:1)
  2 giant geckos (D:1)
  A bat (D:1)
  3 goblins (D:1)
  2 hobgoblins (D:1)
  11 giant newts (D:1)
  3 kobolds (D:1)
  4 rats (D:1)
27 creatures vanquished.

Action                   || total
-------------------------++-------
Melee: Dagger            ||    61
       Constrict         ||    11
       Tentacles         ||     6
  Use: Potion            ||     1
 Stab: Sleeping          ||    10
  Eat: Chunk             ||     1
Armor: Skin              ||     5
Dodge: Dodged            ||    36

Vault maps used:
D:1:      zelgadis_glass_arrival_small, minmay_fountain_box, minmay_lizard_king
D:2:      grunt_temple_overflow_octagram, cheibriados_altar_1,
          ecumenical_altar_1, uniq_sigmund, uniq_terence
